 Dungeon Sprint DCSS version 0.30.1-1-g62c8e00024 (webtiles) character file.

Game seed: 15643608541825257705

59931 Groucho the Minotaur Blade (level 14, -17/154 HPs)
             Began as a Minotaur Gladiator on July 15, 2023.
             Was a High Priest of Cheibriados.
             Killed from afar by an ironbound frostheart (29 damage)
             ... by creeping frost
             ... in the Dungeon (Sprint IX: "|||||||||||||||||||||||||||||").
             The game lasted 00:13:14 (6549 turns).

Groucho the Minotaur Blade (Minotaur Gladiator)     Turns: 6549, Time: 00:13:15

Health: -17/154    AC: 29    Str: 34    XL:     14   Next: 55%
Magic:  2/20       EV: 32    Int: 19    God:    Cheibriados [*****.]
Gold:   1260       SH:  0    Dex: 35    Spells: 13/13 levels left

rFire   + + .        p - +2 great sword (heavy)
rCold   . . .        (shield currently unavailable)
rNeg    . . .        x - +4 plate armour
rPois   +            c - +0 hat
rElec   .            a - scarf {repulsion}
rCorr   .            o - +0 pair of gloves
SInv    .            n - +1 pair of boots
Will    +....        (no amulet) Stlth
                     j - ring "Giepsitige" {Fly rF++ Str+2 Dex+3}
HPRegen 0.45/turn    A - ring of poison resistance
MPRegen 0.17/turn

%: no teleportation, repel missiles
@: frozen, flying, invisible, very slow
A: horns 2, retaliatory headbutt, low MP 1
a: Renounce Religion, Bend Time, Temporal Distortion, Slouch, Step From Time


You were in the Dungeon.
You worshipped Cheibriados.
Cheibriados was extremely pleased with you.
You visited 1 branch You collected 1827 gold pieces.
You spent 567 gold pieces at shops.

Inventory:

Hand Weapons
 p - a +2 heavy great sword (weapon)
Missiles
 d - 5 throwing nets (quivered)
 e - 3 javelins
Armour
 a - a scarf of repulsion (worn)
 c - a +0 hat (worn)
 n - a +1 pair of boots (worn)
 o - a +0 pair of gloves (worn)
 x - a +4 plate armour (worn)
Jewellery
 j - the ring "Giepsitige" (left hand) {Fly rF++ Str+2 Dex+3}
   (You found it in the Dungeon)

   [ring of flight]

   Str:       It affects your strength (+2).
   Dex:       It affects your dexterity (+3).
   rF:        It greatly protects you from fire.
   Fly:       It grants you flight.
 q - a +2 ring of evasion
 z - a ring of fire
 A - a ring of poison resistance (right hand)
 B - a ring of protection from fire
Wands
 m - a wand of roots (9)
 y - a wand of flame (16)
 C - a wand of charming (8)
Scrolls
 b - 2 scrolls of fear
 k - a scroll of blinking
 l - 2 scrolls of amnesia
 r - 2 scrolls of enchant weapon
 s - 8 scrolls of enchant armour
 t - a scroll of fog
 u - a scroll of identify
Potions
 h - 3 potions of haste
 i - 3 potions of magic
 v - a potion of brilliance {unknown}
 w - a potion of cancellation {unknown}


   Skills:
 * Level 22.3 Fighting
 * Level 22.4 Long Blades
 - Level 2.0 Throwing
 * Level 22.1 Armour
 * Level 20.8 Dodging
 + Level 14.9 Unarmed Combat
 + Level 13.7 Invocations


You had 13 spell levels left.
You didn't know any spells.
Your spell library was empty.

Dungeon Overview and Level Annotations

Branches:
Dungeon (1/1)

Altars:
Cheibriados
Dithmenos
Elyvilon
Fedhas
Gozag
Hepliaklqana
Kikubaaqudgha
Makhleb
Nemelex Xobeh
Okawaru
Qazlal
Ru
Sif Muna
Trog
Uskayaw
Vehumet
Wu Jian
Xom
Yredelemnul
Zin
The Shining One
Jiyva
Lugonu

Shops:
D (*?*


Innate Abilities, Weirdness & Mutations

You have a pair of horns on your head.
You reflexively headbutt those who attack you in melee.
Your magical capacity is low. (-10% MP)


Message History

You can feel time thicken for a moment.
Cheibriados lowers the support of your attributes as your movement quickens.
Unknown command.
Unknown command.
Okay, then.
You fade into invisibility!
The ironbound thunderhulk completely misses you.
Unknown command.
Unknown command.
Activating: Slouch (0% risk of failure)
Press: ? - help, Dir - look around, f - activate You can feel time thicken for a moment.
Cheibriados lowers the support of your attributes as your movement quickens.
Unknown command.
Unknown command.
Unknown command.
Unknown command.
You dice the ironbound thunderhulk like an onion!!!
You kill the ironbound thunderhulk!
Cheibriados thoroughly appreciates the change of pace.
Cheibriados raises the support of your attributes as your movement slows.
The ice encasing you melts away.
The ironbound frostheart calls freezing cold from the walls.
The frost grips you!!
* * * LOW HITPOINT WARNING * * *
You are encased in ice.
Unknown command.
Okay, then.
You hit the vault warden.
The vault warden is heavily wounded.
The vault warden closely misses you.
Unknown command.
Unknown command.
You slash the vault warden!
The vault warden is severely wounded.
The vault warden hits you with a +4 dire flail of venom!
* * * LOW HITPOINT WARNING * * *
The ironbound frostheart calls freezing cold from the walls.
The frost grips you!!
You die...

▓.♣†♣.▓)▓.▓∩▓.▓.
▓.▓.♣'♣.▓.▓.▓.▓.▓.
▓.▓.▓†▓.▓)▓.▓.▓.▓.
▓.▓.▓.▓)▓)▓.▓)▓.▓.
▓.▓.▓.▓.▓)▓.▓)▓.▓.
▓p▓.▓.▓)▓.▓.▓)▓.▓'
▓p▓.▓)▓)▓.▓.▓)▓.▓.
▓p▓.▓)▓)▓.▓.▓.▓.▓.
▓@▓.▓)▓.▓.▓.▓.▓.▓.
▓)▓.▓)▓)▓.▓.▓.▓)▓.
▓+▓.▓)▓.▓.▓.▓)▓.▓.
▓)▓.▓)▓.▓.▓.▓)▓.▓.
▓.▓.▓.▓.▓.▓.▓.▓.▓.
▓.▓.▓.▓.▓!▓.▓.▓.▓.
▓.▓.▓.▓.▓.▓.▓)▓.▓.
▓.▓.▓.▓.▓[▓.▓)▓.▓'
▓.▓.▓.▓.▓[▓.▓)▓.▓.


You could see a vault warden, an ironbound frostheart and an ironbound convoker
(unable to see you).

Vanquished Creatures
  Saint Roka (D)
  A tentacled monstrosity (D)
  Frances (D)
  A fire giant (D)
  A frost giant (D)
  4 stone giants (D)
  2 ironbound thunderhulks (D)
  3 very ugly things (D)
  A broodmother (D)
  2 eleionomae (D)
  A bunyip (D)
  A dire elephant (D)
  2 fire dragons (D)
  A merfolk impaler (D)
  2 ettins (D)
  A merfolk javelineer (D)
  A rakshasa (D)
  A yaktaur captain (D)
  2 hydras (D)
  Harold (D)
  2 ice dragons (D)
  A peacekeeper (D)
  A centaur warrior (D)
  2 ironbound frosthearts (D)
  2 merfolk aquamancers (D)
  4 ogre magi (D)
  2 two-headed ogres (D)
  4 tengu warriors (D)
  An alligator (D)
  2 deep troll shamans (D)
  A naga warrior (D)
  A shock serpent (D)
  2 spriggans (D)
  2 deep troll earth magi (D)
  Nergalle (D)
  A salamander mystic (D)
  A pharaoh ant (D)
  A goliath frog (D)
  2 skeletal warriors (D)
  A sea snake (D)
  A naga ritualist (D)
  2 wizards (D)
  An ironbound convoker (D)
  A harpy (D)
  An ugly thing (D)
  A necromancer (D)
  A deep elf pyromancer (D)
  A wolf spider (D)
  2 manticores (D)
  A merfolk siren (D)
  2 torpor snails (D)
  3 naga magi (D)
  A water nymph (D)
  A gargoyle (D)
  2 black mambas (D)
  2 cane toads (D)
  A yaktaur (D)
  A merfolk (D)
  A bloated husk (D)
  2 hornets (D)
  2 blink frogs (D)
  3 tarantellas (D)
  2 slime creatures (D)
  A culicivora (D)
  A shadow (D)
  2 basilisks (D)
  3 yaks (D)
  Eustachio (D)
  3 vampire mosquitoes (D)
  5 wargs (D)
  A naga (D)
  3 water moccasins (D)
  2 hell hounds (D)
  10 orc warriors (D)
  7 ogres (D)
  3 wolves (D)
  A kobold brigand (D)
  3 bullfrogs (D)
  A scorpion (D)
  A wight (D)
  7 orc priests (D)
  A hound (D)
  A sleepcap (D)
  6 orc wizards (D)
  A worm (D)
  5 orcs (D)
  A ball python (D)
  A bat (D)
  An endoplasm (D)
  A frilled lizard (D)
  A rat (D)
173 creatures vanquished.

Vanquished Creatures (others)
  A wizard (D)
  An unseen horror (D)
2 creatures vanquished.

Grand Total: 175 creatures vanquished

Notes
Turn   | Place    | Note
-------+----------+-------------------------------------------
     0 | D        | Groucho the Minotaur Gladiator began the quest for the Orb.
     0 | D        | Reached XP level 1. HP: 18/18 MP: 0/0
    10 | D        | Reached skill level 1 in Armour
   360 | D        | Noticed an orc priest
   360 | D        | Noticed a sleepcap
   360 | D        | Noticed a scorpion
   360 | D        | Noticed a hound
   364 | D        | Reached skill level 1 in Unarmed Combat
   364 | D        | Reached skill level 1 in Invocations
   364 | D        | Reached XP level 2. HP: 22/26 MP: 1/1
   372 | D        | Reached skill level 5 in Long Blades
   372 | D        | Reached XP level 3. HP: 33/33 MP: 1/3
   374 | D        | Killed a scorpion
   375 | D        | Reached skill level 5 in Fighting
   375 | D        | Reached skill level 5 in Dodging
   375 | D        | Reached XP level 4. HP: 42/42 MP: 1/4
   383 | D        | Reached skill level 5 in Armour
   383 | D        | Reached XP level 5. HP: 28/50 MP: 1/6
   552 | D        | Found a snail-covered altar of Cheibriados.
   552 | D        | Found a shadowy altar of Dithmenos.
   552 | D        | Found a white marble altar of Elyvilon.
   552 | D        | Found a blossoming altar of Fedhas.
   552 | D        | Found an opulent altar of Gozag.
   553 | D        | Found a hazy altar of Hepliaklqana.
   554 | D        | Found a viscous altar of Jiyva.
   555 | D        | Found an ancient bone altar of Kikubaaqudgha.
   556 | D        | Became a worshipper of Cheibriados the Contemplative
   557 | D        | Found a corrupted altar of Lugonu.
   558 | D        | Found a burning altar of Makhleb.
   559 | D        | Found a sparkling altar of Nemelex Xobeh.
   560 | D        | Found an iron altar of Okawaru.
   561 | D        | Found a stormy altar of Qazlal.
   562 | D        | Found a sacrificial altar of Ru.
   563 | D        | Found a shimmering blue altar of Sif Muna.
   564 | D        | Found a bloodstained altar of Trog.
   565 | D        | Found a hide-covered altar of Uskayaw.
   566 | D        | Found a radiant altar of Vehumet.
   567 | D        | Found an ornate altar of the Wu Jian Council.
   568 | D        | Found a shimmering altar of Xom.
   569 | D        | Found a basalt altar of Yredelemnul.
   570 | D        | Found a glowing silver altar of Zin.
   571 | D        | Found a glowing golden altar of the Shining One.
   624 | D        | Noticed a gargoyle
   624 | D        | Noticed a shadow
   627 | D        | Killed an unseen horror
   628 | D        | Reached XP level 6. HP: 47/61 MP: 6/8
   633 | D        | Reached * piety under Cheibriados
   635 | D        | Killed a shadow
   636 | D        | Reached skill level 5 in Unarmed Combat
   636 | D        | Reached XP level 7. HP: 57/69 MP: 6/9
   643 | D        | Killed a gargoyle
   643 | D        | Reached ** piety under Cheibriados
   644 | D        | Reached skill level 10 in Long Blades
   644 | D        | Reached skill level 5 in Invocations
  1005 | D        | Noticed a vampire mosquito
  1005 | D        | Noticed a vampire mosquito
  1005 | D        | Noticed a deep elf pyromancer
  1005 | D        | Noticed a skeletal warrior
  1005 | D        | Noticed a vampire mosquito
  1005 | D        | Noticed a slime creature
  1008 | D        | Killed a slime creature
  1009 | D        | Reached skill level 10 in Fighting
  1009 | D        | Reached XP level 8. HP: 68/79 MP: 11/11
  1019 | D        | Killed a skeletal warrior
  1019 | D        | Reached *** piety under Cheibriados
  1020 | D        | Reached skill level 10 in Armour
  1020 | D        | Reached skill level 10 in Dodging
  1029 | D        | Reached **** piety under Cheibriados
  1030 | D        | Reached XP level 9. HP: 24/89 MP: 12/12
  1043 | D        | HP: 1/89 [burnt (11)]
  1047 | D        | Killed a deep elf pyromancer
  1548 | D        | Got the ring "Giepsitige" {Fly rF++ Str+2 Dex+3}
  1569 | D        | Noticed a cane toad
  1570 | D        | Reached ***** piety under Cheibriados
  1579 | D        | Killed a cane toad
  1585 | D        | Reached ****** piety under Cheibriados
  1595 | D        | Noticed a black mamba
  1595 | D        | Noticed an eight-headed hydra
  1600 | D        | Noticed a cane toad
  1615 | D        | Reached XP level 10. HP: 42/100 MP: 14/14
  1615 | D        | Killed a black mamba
  1619 | D        | Killed a cane toad
  2464 | D        | Noticed Harold
  2469 | D        | Killed Harold
  2613 | D        | Noticed an orc knight
  2614 | D        | Noticed an orc knight
  2620 | D        | Banished an orc knight
  2623 | D        | Banished an orc knight
  2624 | D        | Reached XP level 11. HP: 43/111 MP: 16/16
  3059 | D        | Found Umusen's Assorted Antiques.
  3059 | D        | Noticed an ogre mage
  3059 | D        | Noticed a two-headed ogre
  3059 | D        | Noticed a two-headed ogre
  3061 | D        | Killed a two-headed ogre
  3062 | D        | Reached skill level 15 in Long Blades
  3062 | D        | Noticed an ogre mage
  3065 | D        | Killed an ogre mage
  3066 | D        | Reached skill level 15 in Fighting
  3067 | D        | Found Qoecwajune's Magic Scroll Shop.
  3070 | D        | Killed a two-headed ogre
  3072 | D        | Killed an ogre mage
  3073 | D        | Reached skill level 15 in Armour
  3073 | D        | Reached skill level 10 in Unarmed Combat
  3082 | D        | Found Uresieczo's Assorted Antiques.
  3084 | D        | Noticed an ogre mage
  3085 | D        | Found Tunaruz's Antique Weapon Shop.
  3096 | D        | Noticed an ogre mage
  3106 | D        | Killed an ogre mage
  3114 | D        | Killed an ogre mage
  3362 | D        | Killed a nine-headed hydra
  3363 | D        | Reached skill level 15 in Dodging
  3721 | D        | Bought a runed great sword for 190 gold pieces
  3725 | D        | Bought a glowing triple sword for 377 gold pieces
  3846 | D        | Gained mutation: Your magical capacity is low. (-10% MP)
                  | [mutagenic glow]
  3919 | D        | Noticed a red ugly thing
  3919 | D        | Noticed a tengu warrior
  3919 | D        | Noticed a skeletal warrior
  3919 | D        | Noticed a tengu warrior
  3922 | D        | Killed a tengu warrior
  3923 | D        | Noticed a centaur warrior
  3925 | D        | Noticed a brown very ugly thing
  3928 | D        | Killed a skeletal warrior
  3937 | D        | Killed a tengu warrior
  3938 | D        | Noticed an ice dragon
  3941 | D        | Killed a brown very ugly thing
  3942 | D        | Reached skill level 10 in Invocations
  3942 | D        | Noticed a deep troll earth mage
  3945 | D        | Reached XP level 12. HP: 40/124 MP: 16/16
  3947 | D        | Noticed a stone giant
  3948 | D        | Noticed a deep troll earth mage
  3949 | D        | Noticed a fire dragon
  3954 | D        | Killed a centaur warrior
  3954 | D        | Killed a deep troll earth mage
  3955 | D        | Killed a deep troll earth mage
  3956 | D        | Noticed an ettin
  3958 | D        | Killed an ice dragon
  3959 | D        | Killed a stone giant
  3962 | D        | Killed a fire dragon
  3964 | D        | Killed an ettin
  4434 | D        | Noticed Saint Roka
  4458 | D        | Killed Saint Roka
  4827 | D        | Noticed Eustachio
  4857 | D        | Killed Eustachio
  4877 | D        | Noticed a broodmother
  4882 | D        | Killed a broodmother
  4908 | D        | Reached XP level 13. HP: 35/136 MP: 18/18
  5622 | D        | Noticed a merfolk impaler
  5622 | D        | Noticed a merfolk javelineer
  5629 | D        | Killed a merfolk javelineer
  5634 | D        | Killed a merfolk impaler
  5718 | D        | Noticed a bunyip
  5718 | D        | Noticed an eleionoma
  5720 | D        | Noticed an eleionoma
  5722 | D        | Killed an eleionoma
  5726 | D        | Killed an eleionoma
  5728 | D        | Killed a bunyip
  6104 | D        | Noticed Nergalle
  6108 | D        | Killed Nergalle
  6147 | D        | Noticed Frances
  6153 | D        | Killed Frances
  6208 | D        | Noticed a brown very ugly thing
  6208 | D        | Noticed an ettin
  6208 | D        | Noticed a fire dragon
  6208 | D        | Noticed a stone giant
  6213 | D        | Killed a stone giant
  6215 | D        | Killed a fire dragon
  6220 | D        | Killed a brown very ugly thing
  6221 | D        | Noticed a fire giant
  6223 | D        | Reached XP level 14. HP: 76/149 MP: 5/20
  6224 | D        | Noticed a frost giant
  6226 | D        | Noticed a tentacled monstrosity
  6231 | D        | Killed a fire giant
  6237 | D        | Killed a tentacled monstrosity
  6239 | D        | Killed a frost giant
  6259 | D        | Noticed a stone giant
  6419 | D        | Killed a stone giant
  6488 | D        | Noticed a purple very ugly thing
  6489 | D        | Noticed a stone giant
  6492 | D        | Killed a purple very ugly thing
  6500 | D        | Killed a stone giant
  6524 | D        | Noticed an ironbound thunderhulk
  6536 | D        | Killed an ironbound thunderhulk
  6539 | D        | Noticed an ironbound thunderhulk
  6540 | D        | Noticed a vault warden
  6547 | D        | Killed an ironbound thunderhulk
  6549 | D        | Killed from afar by an ironbound frostheart

Illustrated notes

Levels and vault maps discovered:
D:        linesprint [early_d, line_temple, items_1, d_10, items_2, lair_1,
          lair_end, items_3, orc_1, orc_end, items_4, d_15, swamp_1, shoals_1,
          snake_1, spider_1, d_20, vaults_1, items_5, swamp_end, shoals_end,
          snake_end, spider_end, vaults_end, d_27, items_6, zot_1, zot_end,
          crypt_end, forest_end, elf_end, slime_end, tomb_end, abyss_end,
          pan_hell_end]

Skill      XL: |  1  2  3  4  5  6  7  8  9 10 11 12 13 14 |
---------------+-------------------------------------------+-----
Armour         | 1 3 4 5 7 8 9 10 12 14 16 18 20 22 | 22.1
Fighting       | 3 4 5 7 8 10 11 12 14 16 18 20 22 | 22.3
Long Blades    | 4 5 6 8 9 10 11 13 14 16 18 21 22 | 22.4
Unarmed Combat | 1 2 3 4 5 6 8 9 10 12 13 14 | 14.9
Invocations    | 1 2 4 5 6 7 8 10 11 12 13 | 13.7
Dodging        | 4 5 6 7 8 9 10 12 13 15 17 19 20 | 20.8
Throwing       | |  2.0

Action                     |  1- 3 |  4- 6 |  7- 9 | 10-12 | 13-15 || total
---------------------------+-------+-------+-------+-------+-------++-------
  Melee: Long sword        |    24 |     6 |       |       |       ||    30
         Headbutt          |     1 |     5 |     7 |    35 |    32 ||    80
         Scimitar          |       |     8 |    57 |   101 |       ||   166
         Punch             |       |       |     2 |     4 |       ||     6
         Great sword       |       |       |       |    83 |   123 ||   206
 Invoke: Slouch            |       |       |       |     9 |    11 ||    20
  Evoke: Wand              |       |       |     1 |       |       ||     1
    Use: Potion            |     3 |     1 |     7 |     9 |     3 ||    23
         Scroll            |       |       |     2 |       |       ||     2
 Armour: Leather armour    |     6 |     1 |       |       |       ||     7
         Ring mail         |       |     1 |    19 |    12 |       ||    32
         Plate armour      |       |       |       |    49 |    41 ||    90
  Dodge: Dodged            |    14 |    10 |   106 |   213 |   151 ||   494
         Repelled          |       |       |       |       |     3 ||     3
